 Dungeon Crawl Stone Soup version 0.28.0 (webtiles) character file.

Game seed: 11289468303938143230

148 Spectrina the Covert (level 5, -2/31 HPs)
             Began as a Vampire Delver on Feb 6, 2022.
             Was a Follower of Kikubaaqudgha.
             Slain by a scorpion (7 damage)
             ... on level 5 of the Dungeon on Feb 7, 2022.
             The game lasted 00:12:12 (871 turns).

Spectrina the Covert (Vampire Delver)                Turns: 871, Time: 00:12:13

Health: -2/31      AC:  3    Str: 11    XL:     5   Next: 8%
Magic:  8/8        EV: 12    Int: 15    God:    Kikubaaqudgha [*.....]
Gold:   39         SH:  0    Dex: 15    Spells: 3/8 levels left

rFire   . . .      SeeInvis +   p - +0 dagger
rCold   + + .      Faith    .   (no shield)
rNeg    + + +      Spirit   .   b - +0 leather armour
rPois   ∞          Reflect  .   (no helmet)
rElec   .          Harm     .   (no cloak)
rCorr   .          Rampage  .   (no gloves)
Will    .....                   (no boots)
Stlth   ++++++....              (no amulet)
HPRegen 0.00/turn               (no ring)
MPRegen 0.11/turn               (no ring)

@: bloodless, inhibited regen
A: bloodless, fangs 3, see invisible, vampiric 2
a: Bat Form, Revivify, Renounce Religion, Receive Corpses


You were on level 5 of the Dungeon.
You worshipped Kikubaaqudgha.
Kikubaaqudgha was aware of your devotion.
You visited 1 branch of the dungeon, and saw 6 of its levels.

You collected 39 gold pieces.

Inventory:

Hand Weapons
 a - a +0 short sword
 p - a +0 dagger (weapon)
 y - a +0 hunting sling
Missiles
 j - 40 sling bullets
 k - 42 stones (quivered)
 n - 48 bolts
Armour
 b - a +0 leather armour (worn)
 v - a +0 plate armour
Wands
 g - a wand of digging (3)
 s - a wand of flame (5)
Scrolls
 c - a scroll of fog
 d - 2 scrolls of magic mapping
 e - a scroll of fear
 h - a scroll of enchant weapon {unknown}
 i - a scroll of noise {unknown}
 o - 2 scrolls of identify {unknown}
 q - a scroll of brand weapon {unknown}
 u - a scroll of torment {unknown}
 w - a scroll of teleportation {unknown}
 x - a scroll of amnesia {unknown}
Potions
 f - a potion of haste


   Skills:
 - Level 2.6 Fighting
 + Level 3.8 Short Blades
 - Level 2.1 Dodging
 + Level 8.6 Stealth
 + Level 2.1 Spellcasting


You had 3 spell levels left.
You knew the following spells:

 Your Spells              Type           Power      Damage    Failure   Level
l - Corpse Rot            Necr/Air       2%         N/A       41%         2
p - Animate Skeleton      Necr           2%         N/A       28%         1
q - Ensorcelled Hibernat  Hex/Ice        2%         N/A       41%         2

Your spell library contained the following spells:

 Spells                   Type           Power      Damage    Failure   Level
 Pain                     Necr           4%         1d4       28%         1
 Passwall                 Tmut/Erth      0%         N/A       41%         2
 Sublimation of Blood     Necr           1%         N/A       41%         2
 Swiftness                Air            1%         N/A       65%         3


Dungeon Overview and Level Annotations

Branches:
Dungeon (6/15)
 Temple: D:4-7

Altars:
Kikubaaqudgha

Shops:
D:4 (

Annotations:
D:5 Ijyb


Innate Abilities, Weirdness & Mutations

You do not regenerate when monsters are visible.
You are frail without blood (-20% HP).
You can heal yourself when you bite living creatures.
You are immune to poison.
You have razor-sharp teeth.
You have supernaturally acute eyesight. (SInv)
You are afflicted with vampirism and can become a bat while bloodless.


Message History

The scorpion closely misses you.
You hit the scorpion but do no damage.
You bite the scorpion, but do no damage.
The scorpion is moderately wounded.
The scorpion stings you.
You closely miss the scorpion. Your punch misses the scorpion.
Your bite misses the scorpion.
The scorpion is moderately wounded.
The scorpion looks more healthy.
The scorpion stings you.
You closely miss the scorpion.
The scorpion is heavily wounded.
Throw: dart (poison)
Press: ? - help, Q - select action, (/) - cycle Shift-Dir - straight line, f/p - scorpion
Aim: a scorpion (heavily wounded, 59% to hit)
You throw a poisoned dart.
The poisoned dart closely misses the scorpion.
The scorpion stings you but does no damage.
The scorpion stings you.
You hit the scorpion but do no damage.
The scorpion is heavily wounded.
The scorpion completely misses you.
You barely miss the scorpion.
The scorpion is heavily wounded.
The scorpion stings you!
* * * LOW HITPOINT WARNING * * *
It was a potion of curing.
You feel better. The scorpion stings you!
* * * LOW HITPOINT WARNING * * *
It was a potion of berserk rage.
You feel slightly irritated. The scorpion stings you.
* * * LOW HITPOINT WARNING * * *
It was a potion of magic.
Magic courses through your body.
The scorpion stings you but does no damage.
You barely miss the scorpion.
The scorpion is heavily wounded.
The scorpion barely misses you.
You hit the scorpion but do no damage.
The scorpion is heavily wounded.
The scorpion stings you!
You die...
Kikubaaqudgha rasps: "You have failed me!
Welcome... oblivion!"

......./...#..#
..........##.##
..........##..#
#(.......###.##
#.(......# #..#
#........# ##.# #.
#.(......####.# #.
#.s...........# #.
#.@...........# #.
#..............##.#
#..............#...
...........#####....#
......#######
####...< .....?#
#....... ......#
#....... .......#
#....... #......#


You could see a scorpion.

Vanquished Creatures
  A scorpion (D:5)
  An iguana (D:5)
  3 adders
  A worm (D:4)
  A dart slug (D:5)
  A ball python (D:1)
  4 bats (D:1)
  2 endoplasms
  2 giant cockroaches (D:1)
  3 goblins
  2 hobgoblins (D:1)
  3 jackals (D:3)
  A quokka (D:1)
  A frilled lizard (D:1)
  2 kobolds
  2 rats
30 creatures vanquished.

Notes
Turn   | Place    | Note
-------+----------+-------------------------------------------
     0 | D:5      | Spectrina the Vampire Delver began the quest for the Orb.
     0 | D:5      | Reached XP level 1. HP: 17/17 MP: 1/1
    49 | D:4      | Found Yvekhlire's Antique Weapon Emporium.
   114 | D:2      | Found an ancient bone altar of Kikubaaqudgha.
   128 | D:2      | Became a worshipper of Kikubaaqudgha
   166 | D:1      | Found a faded altar of an unknown god.
   191 | D:1      | Reached XP level 2. HP: 15/18 MP: 2/2
   368 | D:2      | Reached * piety under Kikubaaqudgha
   368 | D:2      | Received a gift from Kikubaaqudgha
   369 | D:2      | Reached skill level 1 in Spellcasting
   369 | D:2      | Gained mutation: You are afflicted with vampirism and can
                  | become a bat while bloodless. [Vampire growth]
   369 | D:2      | Reached XP level 3. HP: 22/22 MP: 4/4
   482 | D:3      | Reached skill level 8 in Stealth
   705 | D:6      | Noticed a yak
   715 | D:5      | Reached XP level 4. HP: 27/27 MP: 4/6
   718 | D:5      | Learned a level 2 spell: Corpse Rot
   721 | D:5      | Learned a level 2 spell: Ensorcelled Hibernation
   723 | D:5      | Learned a level 1 spell: Animate Skeleton
   727 | D:5      | Noticed an ogre
   738 | D:5      | Noticed a scorpion
   743 | D:5      | Killed a scorpion
   760 | D:5      | Noticed Ijyb
   833 | D:5      | Reached XP level 5. HP: 28/31 MP: 8/8
   871 | D:5      | Slain by a scorpion

Illustrated notes

Levels and vault maps discovered:
D:1:      dpeg_arrival_tiny_a, layout_basic,
          hellmonk_ecumenical_altar_prayer_group
D:2:      layout_basic, basic_altar, uniq_robin
D:3:      minmay_spotlight, layout_loops_corners
D:4:      layout_basic, mainiacjoe_overflow_small_starburst,
          lemuel_temple_firewalk_a, serial_shops, kennysheep_little_box,
          minmay_snake_closets
D:5:      layout_basic, kennysheep_generic_room_7, uniq_ijyb
D:6:      layout_gridville, gammafunk_ghost_stat_death

Skill      XL: |  1  2  3  4 |
---------------+-------------+-----
Short Blades   | 3 |  3.8
Spellcasting   | 1 2 |  2.1
Stealth        | 8 |  8.6
Fighting       | |  2.6
Dodging        | |  2.1

Action                   |  1- 3 |  4- 6 || total
-------------------------+-------+-------++-------
Melee: Short sword       |    37 |       ||    37
       Dagger            |    23 |    32 ||    55
       Bite              |     3 |     2 ||     5
       Punch             |     1 |       ||     1
Throw: Dart              |       |     4 ||     4
 Abil: Exsanguinate      |     1 |       ||     1
  Use: Potion            |       |     3 ||     3
 Stab: Sleeping          |    11 |     2 ||    13
Armor: Leather armour    |    16 |     6 ||    22
Dodge: Dodged            |    35 |    19 ||    54
